 Dungeon Crawl Stone Soup version 0.23-a0-449-g8e4cbf7 (webtiles) character file.

197 galech the Skirmisher (level 5, -4/42 HPs)
             Began as a Demonspawn Fighter on Nov 21, 2018.
             Was an Initiate of Okawaru.
             Slain by a phantom (7 damage)
             ... on level 4 of the Dungeon.
             The game lasted 00:03:21 (2451 turns).

galech the Skirmisher (Demonspawn Fighter)          Turns: 2451, Time: 00:03:21

Health: -4/42      AC: 11    Str: 16    XL:     5   Next: 46%
Magic:  5/5        EV:  2    Int:  9    God:    Okawaru [......]
Gold:   160        SH:  9    Dex: 14    Spells: 4/4 levels left

rFire    . . .     SeeInvis .   a - +0 war axe
rCold    . . .     Gourm    .   t - +0 shield (curse)
rNeg     . . .     Faith    .   e - +0 plate armour
rPois    .         Spirit   .   (no helmet)
rElec    .         Reflect  .   (no cloak)
rCorr    .         Harm     .   (no gloves)
MR       .....                  (no boots)
Stlth    ..........             (no amulet)
HPRegen  0.14/turn              (no ring)
MPRegen  0.09/turn              (no ring)

@: lethally poisoned (-4 -> -5)
A: hooves 2, powered by death 2
a: Renounce Religion


You were on level 4 of the Dungeon.
You worshipped Okawaru.
Okawaru was noncommittal.
You were not hungry.

You visited 1 branch of the dungeon, and saw 4 of its levels.

You collected 160 gold pieces.

Inventory:

Hand Weapons
 a - a +0 war axe (weapon)
Armour
 c - a +0 shield
 e - a +0 plate armour (worn)
 t - a cursed +0 shield (worn)
Jewellery
 n - an uncursed amulet of the acrobat {unknown}
Wands
 o - a wand of disintegration (15)
 p - a wand of polymorph (4)
Scrolls
 b - 5 scrolls of teleportation
 h - 5 scrolls of remove curse
 i - 3 scrolls of enchant weapon
 k - a scroll of enchant armour
Potions
 d - 3 potions of might
 g - a potion of degeneration {unknown}
 j - 2 potions of brilliance {unknown}
 l - a potion of magic {unknown}
 q - a potion of heal wounds {unknown}
 s - a potion of lignification {unknown}
 u - a potion of mutation {unknown}
Comestibles
 f - 6 rations
 m - a chunk of flesh


   Skills:
 + Level 3.8 Fighting
 + Level 3.2 Axes
 + Level 3.5 Armour
 + Level 0.1 Stealth
 + Level 3.7 Shields


You had 4 spell levels left.
You didn't know any spells.
Your spell library was empty.

Dungeon Overview and Level Annotations

Branches:
Dungeon (4/15)
 Temple: D:4-7

Altars:
Cheibriados
Dithmenos
Okawaru
Trog


Innate Abilities, Weirdness & Mutations

You have hoof-like feet.
You regenerate health from kills.


Message History

You completely miss the phantom.
The phantom is heavily damaged.
You block the phantom's attack. The phantom hits you.
* * * LOW HITPOINT WARNING * * *
You closely miss the phantom. You kick the phantom.
The phantom is severely damaged.
You block the phantom's attack.
You hit the phantom. Your kick misses the phantom.
The phantom is severely damaged.
You feel sick. You block the phantom's attack.
Your plate armour prevents you from hitting the phantom.
Your kick misses the phantom.
The phantom is severely damaged.
The phantom completely misses you.
The phantom blinks!
You feel sick.
The phantom hits you but does no damage.
You hit the phantom.
The phantom is severely damaged.
The phantom hits you!
You die...

.....#.........#.#*,* *,*,,,,,,,*
...#.#..###.#..#.#*.# *,*,_,,,_,*
...............#)#*.# *,*,,,,,,,*
####.#......#..#.#*.# *,**,,,,,**
.# #.#.######..#.#*.# *,****+***,
.###.#.# #....##.# *,* *,,,,,,
...#.#.# #.......# *,* *,,,,,,
+#.#.#.# #.......# *,* *,,,,,,
...#.#.# #...@W..###+##*,,,,,,
...#.#.# #.#..#.†..(..#*,,,,,,
...#,*,* #.##.#.......#*,,,,,,
...#,*,*****#.*#.........#*,*+***
...#,*,,,,,,#.*#.........#*,*,* *
...#,*,****,*,*#.........#*,*,***
....,,,,,,,,*,*#.........#*,*,,,,
,,,,,********,*#....###+##*,*****
,***** *,,,*#.#..# *,* *,*,,,,


You could see a phantom.

Vanquished Creatures
  A centaur (D:3)
  A worker ant (D:4)
  3 adders
  2 worms (D:3)
  3 dart slugs
  3 leopard geckos
  An orc (D:3)
  6 bats
  2 giant cockroaches (D:1)
  8 goblins
  8 hobgoblins
  4 frilled lizards
  6 kobolds
  12 rats
60 creatures vanquished.

Notes
Turn   | Place    | Note
-------+----------+-------------------------------------------
     0 | D:1      | galech the Demonspawn Fighter began the quest for the Orb.
     0 | D:1      | Reached XP level 1. HP: 18/18 MP: 1/1
   272 | D:1      | Gained mutation: You regenerate a little health from kills.
                  | [demonic ancestry]
   272 | D:1      | Reached XP level 2. HP: 22/24 MP: 2/2
   864 | D:1      | Gained mutation: You have large cloven feet. [demonic
                  | ancestry]
   864 | D:1      | Reached XP level 3. HP: 29/29 MP: 3/3
  1185 | D:2      | Found a shadowy altar of Dithmenos.
  1474 | D:2      | Found a snail-covered altar of Cheibriados.
  1840 | D:3      | Gained mutation: You regenerate health from kills. [demonic
                  | ancestry]
  1840 | D:3      | Reached XP level 4. HP: 36/36 MP: 4/4
  2016 | D:3      | Noticed a centaur
  2022 | D:3      | Killed a centaur
  2022 | D:3      | Gained mutation: You have hoof-like feet. [demonic
                  | ancestry]
  2022 | D:3      | Reached XP level 5. HP: 35/42 MP: 5/5
  2085 | D:3      | Found a bloodstained altar of Trog.
  2086 | D:3      | Found an iron altar of Okawaru.
  2155 | D:3      | Became a worshipper of Warmaster Okawaru
  2418 | D:4      | Noticed a phantom
  2451 | D:4      | Slain by a phantom

Vault maps used:
D:1:      elethiomel_arrival_infinity_welcomes_careful_drivers,
          grunt_decor_arrowhead
D:2:      grunt_dithmenos_smoke, first_ration, lemuel_statue_altar
D:3:      gammafunk_temple_overflow_statue
D:4:      grunt_temple_overflow_gold_and_silver, lemuel_doored_altar,
          serial_shops, kennysheep_little_box, gup_sewer_entry_bubbles,
          enter_ossuary_4, uniq_sigmund

Skill      XL: |  1  2  3  4 |
---------------+-------------+-----
Armour         | 3 |  3.5
Shields        | 3 |  3.7
Axes           | 2 3 |  3.2
Fighting       | |  3.8
Stealth        | |  0.1

Action                   |  1- 3 |  4- 6 || total
-------------------------+-------+-------++-------
Melee: War axe           |   137 |    59 ||   196
       Kick              |    13 |    19 ||    32
  Use: Scroll            |     4 |     2 ||     6
  Eat: Chunk             |     3 |     2 ||     5
Armor: Scale mail        |    12 |       ||    12
       Plate armour      |    93 |    28 ||   121
Dodge: Dodged            |    18 |     3 ||    21
Block: Shield            |    74 |    33 ||   107

Table legend:
 A = Non-vault XP
 B = Vault XP
 C = Vault XP percentage of total XP
 D = Non-vault monster count
 E = Vault monster count
 F = Vault count percentage of total count
                 A         B        C        D         E       F
            +---------+---------+-------+---------+---------+-------
      Total |     282 |       0 |   0.0 |      60 |       0 |   0.0
            +---------+---------+-------+---------+---------+-------
        D:1 |      47 |       0 |   0.0 |      26 |       0 |   0.0
        D:2 |      48 |       0 |   0.0 |      17 |       0 |   0.0
        D:3 |     155 |       0 |   0.0 |      16 |       0 |   0.0
        D:4 |      32 |       0 |   0.0 |       1 |       0 |   0.0
            +---------+---------+-------+---------+---------+-------
